Map: Kairos Junction LE

Players

Future

  • Race: Terran Terran
  • League: Grandmaster
  • Spawn Location: 11:00

SpeCial - Winner!

  • Race: Terran Terran
  • Spawn Location: 5:00

Event: Cheeseadelphia 8

VOD

Have the link to the VOD?

Description

Time

  • Played on: Dec. 9, 2018, 5:01 p.m.
  • Length: 7:42

All games in this series

Show
View Real Time Build Order
Export as new Build Order

Future Terran 

Build Orders: Banshee Rush 

Get SALT Encoding   

  12  0:00  SCV  
  13  0:12  SCV  
  14  0:17  Supply Depot  
  14  0:24  SCV  
  14  0:27  Refinery  
  15  0:38  SCV  
  16  0:44  Barracks  
  16  0:50  SCV  
  16  0:54  Refinery  
  17  1:02  SCV  
  18  1:14  SCV  
  19  1:31  Reaper, Orbital Command  
  20  1:35  Factory  
  20  1:45  Supply Depot  
  20  1:58  SCV  
  21  2:03  Reaper  
  22  2:10  SCV  
  23  2:19  Hellion  
  26  2:22  SCV  
  26  2:34  Command Center  
  25  2:38  Reaper  
  25  2:41  Hellion  
  27  2:47  Starport  
  27  2:49  SCV  
  28  2:56  Supply Depot  
  28  3:01  SCV  
  28  3:03  Factory Tech Lab  
  28  3:10  Barracks Reactor  
  28  3:13  SCV  
  29  3:25  SCV  
  28  3:34  Factory Tech Lab  
  28  3:37  SCV  
  28  3:38  Refinery  
  28  3:40  Cloaking Field, Banshee  
  30  3:47  Orbital Command  
  29  3:50  Marine  
  29  3:52  Marine  
  29  3:54  SCV  
  32  4:02  Siege Tank  
  35  4:06  SCV  
  35  4:08  Marine  
  37  4:10  Marine  
  37  4:13  SCV  
  39  4:18  SCV  
  40  4:25  SCV  
  40  4:26  Marine  
  40  4:28  Marine  
  43  4:32  Raven  
  43  4:37  SCV  
  46  4:39  Supply Depot, SCV  
  46  4:42  Siege Tank  
  46  4:44  Marine  
  51  4:45  Marine  
  51  4:49  SCV  
  51  4:50  Supply Depot  
  51  4:51  SCV  
  54  5:01  Marine, SCV  
  54  5:03  Supply Depot, Marine, SCV  
  58  5:14  SCV  
  59  5:15  SCV  
  60  5:24  Siege Tank  
  63  5:28  SCV x2  
  63  5:31  Command Center  
  63  5:33  Viking  
  67  5:36  Viking  
  69  5:46  SCV x2  
  71  5:50  Marine  
  71  5:53  Refinery  
  72  5:58  SCV, Siege Tank  
  72  5:59  SCV  
  72  6:00  Supply Depot  
  72  6:02  Supply Depot  
  77  6:10  SCV  
  78  6:11  Engineering Bay  
  78  6:13  Engineering Bay  
  78  6:17  Viking, SCV  
  78  6:22  Viking  
  78  6:24  Marine  
  81  6:30  Siege Tank  
  84  6:35  Barracks x2  
  84  6:45  SCV  
  83  6:47  SCV  
  85  6:57  SCV  
  85  6:58  Orbital Command  
  85  7:01  SCV  
  81  7:05  Siege Tank  
  81  7:07  Viking  
  86  7:09  SCV  
  86  7:13  SCV  
  87  7:21  SCV  
  68  7:27  SCV  
  68  7:28  SCV  
Show
View Real Time Build Order
Export as new Build Order

SpeCial Terran - Winner!

Build Orders:  

Get SALT Encoding   

  12  0:00  SCV  
  13  0:12  SCV  
  14  0:17  Supply Depot  
  14  0:25  SCV  
  14  0:28  Refinery  
  15  0:39  SCV  
  16  0:44  Barracks  
  16  0:51  SCV  
  17  1:03  SCV  
  18  1:15  SCV  
  19  1:30  Marine  
  19  1:31  Orbital Command  
  19  1:32  Factory  
  20  1:40  Supply Depot  
  20  1:48  Reaper  
  21  1:57  SCV  
  22  2:09  SCV  
  23  2:16  Hellion  
  23  2:21  Reaper  
  23  2:22  Command Center  
  25  2:32  SCV  
  26  2:37  Refinery  
  26  2:38  Hellion  
  26  2:42  Supply Depot  
  28  2:45  SCV  
  29  2:53  Barracks Reactor  
  29  2:57  SCV  
  30  3:07  Hellion, Starport  
  30  3:09  SCV  
  33  3:15  Supply Depot  
  30  3:21  SCV  
  30  3:29  Factory Tech Lab, Marine x2  
  30  3:33  SCV  
  33  3:37  Orbital Command  
  31  3:45  SCV  
  31  3:47  Marine x2  
  34  3:54  Factory Tech Lab  
  34  3:58  SCV  
  34  3:59  Raven  
  37  4:03  SCV  
  37  4:04  Marine x2  
  37  4:08  Refinery  
  40  4:10  SCV  
  40  4:11  Supply Depot  
  40  4:15  Siege Tank  
  44  4:18  SCV  
  44  4:22  Marine x2, SCV  
  48  4:30  SCV  
  49  4:34  SCV  
  50  4:39  Liberator  
  50  4:42  SCV  
  51  4:46  Supply Depot, SCV  
  51  4:50  Siege Tank  
  51  4:52  Marine  
  56  4:54  SCV  
  57  5:07  Viking  
  57  5:10  Marine  
  57  5:14  SCV x2  
  60  5:26  SCV x2  
  60  5:28  Marine  
  63  5:30  Siege Tank  
  66  5:38  SCV x2  
  66  5:40  Viking  
  70  5:45  Marine  
  69  5:50  SCV x2  
  69  5:51  Viking  
  72  6:02  SCV x2  
  72  6:03  Supply Depot, Marine  
  75  6:08  Siege Tank  
  78  6:19  Supply Depot  
  78  6:24  Marine  
  78  6:25  SCV x2  
  81  6:27  Viking  
  81  6:28  Viking  
  81  6:30  Command Center  
  81  6:31  Supply Depot  
  85  6:37  SCV  
  86  6:41  SCV  
  86  6:42  Marine  
  86  6:44  Siege Tank  
  91  6:49  SCV  
  91  6:53  SCV  
  93  7:00  Marine  
  93  7:01  SCV  
  92  7:05  SCV  
  92  7:07  Viking x2  
  97  7:13  SCV  
  95  7:17  SCV  
  95  7:18  Marine  
  86  7:25  SCV  
  86  7:29  SCV  
  80  7:35  Barracks  
  80  7:36  Barracks  
  80  7:38  Barracks  
  80  7:39  Barracks  
Tags
 
Add a new tag
Caveats
  • Supply blocks, unpowered buildings, or Contaminate may cause inaccurate times.
  • Supply counts are checked every 10 seconds.